 Dungeon Crawl Stone Soup version 0.30-a0-870-gc5d4c5acee (webtiles) character file.

Game seed: 3765930531203175001

1024 cforsyth the Covered (level 8, 0/59 (65) HPs)
             Began as a Barachi Fighter on Mar 12, 2023.
             Was a Follower of Cheibriados.
             Slain by a wight
             ... wielding a +3 scimitar of freezing
              (3 damage)
             ... on level 6 of the Dungeon.
             The game lasted 00:07:04 (4466 turns).

cforsyth the Covered (Barachi Fighter)              Turns: 4466, Time: 00:07:05

HP:   0/59 (65)     AC:  8    Str: 20    XL:     8   Next: 22%
MP:   8/8           EV: 10    Int: 11    God:    Cheibriados [*.....]
Gold: 256           SH:  6    Dex: 18    Spells: 7/7 levels left

rFire   . . .      SeeInvis .    a - +0 long sword
rCold   . . .      Faith    .    c - +0 buckler
rNeg    . . .      Spirit   .    p - +0 troll leather armour {Pargi}
rPois   .          Reflect  .    i - +1 hat
rElec   .          Rampage  .    g - +0 cloak
rCorr   .                        y - +0 pair of gloves
Will    +....                    (no boots)
Stlth   +                        (no amulet)
HPRegen 1.09/turn                h - ring of willpower
MPRegen 0.11/turn                (no ring)

@: mighty, drained, very slow
A: amphibious, slowness 1, strong legs 1, +LOS
a: Hop, Renounce Religion, Bend Time


You were on level 6 of the Dungeon.
You worshipped Cheibriados.
Cheibriados was aware of your devotion.
You visited 2 branches of the dungeon, and saw 7 of its levels.
You also visited: Sewer.

You collected 256 gold pieces.

Inventory:

Hand Weapons
 a - a +0 long sword (weapon)
Armour
 b - a +0 scale mail
 c - a +0 buckler (worn)
 g - a +0 cloak (worn)
 i - a +1 hat (worn)
 p - a +0 troll leather armour (worn) {Pargi}
 y - a +0 pair of gloves (worn)
Jewellery
 h - a ring of willpower (left hand)
 j - a ring of fire
 n - an amulet of magic regeneration
Scrolls
 e - 5 scrolls of teleportation {unknown}
 f - 4 scrolls of identify {unknown}
 k - a scroll of vulnerability {unknown}
 o - a scroll of fear {unknown}
 r - a scroll of immolation {unknown}
 u - a scroll of brand weapon {unknown}
Potions
 d - 2 potions of might
 l - a potion of magic {unknown}
 m - 2 potions of attraction
 q - 2 potions of curing {unknown}
 s - a potion of cancellation {unknown}
 t - a potion of heal wounds {unknown}
 v - a potion of invisibility {unknown}
 w - 2 potions of flight {unknown}
 x - a potion of berserk rage {unknown}


   Skills:
 + Level 6.6 Fighting
 + Level 6.0 Long Blades
 + Level 6.7 Armour
 + Level 6.0 Shields


You had 7 spell levels left.
You didn't know any spells.
Your spell library contained the following spells:

 Spells                   Type           Power      Damage    Failure   Level
 Ensorcelled Hibernation  Hex/Ice        0%         N/A       61%         2
 Spider Form              Tmut/Pois      0%         N/A       83%         3
 Anguish                  Hex/Necr       0%         N/A       99%         4


Dungeon Overview and Level Annotations

Branches:
Dungeon (6/15)             Temple (1/1) D:4           Sewer (visited)

Altars:
Cheibriados
Dithmenos
Fedhas
Trog

Shops:
D:2 !   D:3 =

Annotations:
D:5 Duvessa


Innate Abilities, Weirdness & Mutations

You are amphibious.
You cover ground slowly.
You can hop short distances.
You have an extended range of vision and can be seen from far away.


Message History

Cheibriados thoroughly appreciates the change of pace.
Cheibriados raises the support of your attributes as your movement slows.
The wight hits you with a +3 scimitar of freezing.
The wight freezes you.
The wight hits you with a +1 long sword of protection.
Your life force feels restored.
Your Long Blades skill increases to level 6!
Your Shields skill increases to level 6!
The wight attacks as you move away! The wight completely misses you.
The wight attacks as you move away!
The wight hits you with a +3 scimitar of freezing!
You feel drained. The wight freezes you.
* * * LOW HITPOINT WARNING * * *
The wight closely misses you.
Things that are here:
a +0 war axe; a +0 robe The wight attacks as you move away!
The wight hits you but does no damage. The wight attacks as you move away!
The wight hits you but does no damage. The wight attacks as you move away!
The wight hits you with a +1 long sword of protection.
The wight attacks as you move away!
The wight hits you with a +3 scimitar of freezing!
* * * LOW HITPOINT WARNING * * *
The wight freezes you.
* * * LOW HITPOINT WARNING * * *
You block the wight's attack.
The wight hits you with a +1 long sword of protection.
* * * LOW HITPOINT WARNING * * *
You feel drained.
You feel very mighty all of a sudden.
The wight hits you with a +3 scimitar of freezing!
* * * LOW HITPOINT WARNING * * *
You feel drained.
* * * LOW HITPOINT WARNING * * *
The wight freezes you.
* * * LOW HITPOINT WARNING * * *
You slash the wight!
The wight is severely damaged.
The wight hits you with a +3 scimitar of freezing.
You die...

#...... #..... #.....
#..... #...# #+## ######.##
##...##+#####(.###..###.##
#..............#..........
#....).........#..........
#...)###..###...###..###..#
####.. #zz###...###..# #..#
....#..@..........# ...#
#....#.............# ...+
#....#.............# ...#
##..########+####.#######
...# #.# .... [.. ....
..... ####..


You could see 2 wights.

Vanquished Creatures
  Sigmund (D:3)
  Pargi (Sewer)
  A black bear (D:4)
  2 ogres
  A phantom (D:5)
  2 wights (D:6)
  A scorpion (D:3)
  A jelly (D:4)
  2 orc priests
  2 iguanas
  A river rat (D:3)
  2 adders
  7 worms
  11 orcs
  8 ball pythons
  7 endoplasms
  7 giant cockroaches
  10 goblins
  6 hobgoblins
  7 jackals
  3 quokkas
  2 bats (D:1)
  7 frilled lizards
  6 kobolds
  3 rats (D:1)
101 creatures vanquished.

Notes
Turn   | Place    | Note
-------+----------+-------------------------------------------
     0 | D:1      | cforsyth the Barachi Fighter began the quest for the Orb.
     0 | D:1      | Reached XP level 1. HP: 18/18 MP: 1/1
   132 | D:1      | Reached XP level 2. HP: 21/25 MP: 2/2
   469 | D:1      | Reached XP level 3. HP: 28/30 MP: 3/3
  1176 | D:2      | Reached XP level 4. HP: 37/37 MP: 4/4
  1390 | D:2      | Found Oxide's Distillery.
  1586 | D:3      | Noticed Sigmund
  1598 | D:3      | Killed Sigmund
  1599 | D:3      | Reached skill level 5 in Armour
  1599 | D:3      | Reached XP level 5. HP: 28/43 MP: 5/5
  1652 | D:3      | Found Beph's Jewellery Shoppe.
  1716 | D:3      | Found a glowing drain.
  1723 | D:3      | Reached XP level 6. HP: 49/50 MP: 6/6
  1728 | D:3      | Reached skill level 5 in Fighting
  1759 | Sewer    | Entered a sewer
  1815 | Sewer    | Noticed Pargi
  2039 | Sewer    | Killed Pargi
  2178 | D:3      | Found a bloodstained altar of Trog.
  2270 | D:3      | Found a blossoming altar of Fedhas.
  2377 | D:3      | Found a faded altar of an unknown god.
  2443 | D:4      | Found a staircase to the Ecumenical Temple.
  2462 | Temple   | Entered the Ecumenical Temple
  2466 | Temple   | Reached skill level 5 in Shields
  2466 | Temple   | Reached XP level 7. HP: 25/56 MP: 7/7
  2531 | Temple   | Became a worshipper of Cheibriados the Contemplative
  2691 | D:4      | Reached skill level 5 in Long Blades
  2806 | D:4      | Reached * piety under Cheibriados
  3834 | D:5      | Entered Level 5 of the Dungeon
  4015 | D:5      | Noticed Duvessa
  4235 | D:6      | Reached XP level 8. HP: 19/65 MP: 8/8
  4465 | D:6      | HP: 2/59 [wight/+3 scimitar of freezing (1)]
  4466 | D:6      | Slain by a wight

Illustrated notes

Levels and vault maps discovered:
D:1:      minmay_arrival_shoal_huts, layout_basic, st_stairs_4,
          chequers_serial_rivers_micro_e, minmay_tetromino_l4
D:2:      layout_basic, serial_shops, shop_statue
D:3:      layout_rooms, mainiacjoe_overflow_catch_the_wave, serial_shops,
          nicolae_shop_trees, shapermc_ecumenical_altar_venn,
          cheibrodos_sewer_entry_sluice, uniq_sigmund
D:4:      layout_layer_cave, minmay_temple_entry_large_hall
D:5:      layout_gridville, uniq_blork_the_orc, uniq_duvessa, uniq_grinder
D:6:      layout_gridville
Temple:   mainiacjoe_temple_cubbyholes

Skill      XL: |  1  2  3  4  5  6  7  8 |
---------------+-------------------------+-----
Armour         | 4 5 6 |  6.7
Fighting       | 4 5 6 |  6.6
Long Blades    | 3 4 5 6 |  6.0
Shields        | 4 5 6 |  6.0

Action                     |  1- 3 |  4- 6 |  7- 9 || total
---------------------------+-------+-------+-------++-------
  Melee: Long sword        |   145 |   142 |   129 ||   416
    Use: Potion            |       |     1 |     1 ||     2
 Armour: Scale mail        |    84 |    97 |       ||   181
         Troll leather arm |       |     8 |    50 ||    58
  Dodge: Dodged            |    63 |    83 |    73 ||   219
  Block: Buckler           |    41 |    56 |    30 ||   127

Table legend: (Time is in decaauts)
 A = Elapsed time spent in this place.
 B = Non-inter-level travel time spent in this place.
 C = Inter-level travel time spent in this place.
 D = Time resting spent in this place.
 E = Time spent auto-exploring this place.
 F = Levels seen in this place.
 G = Mean time per level.
                   A        B        C        D        E       F      G
               +--------+--------+--------+--------+--------+-----+--------+
         Total |   5568 |   5387 |    181 |    679 |   3485 |   8 |  696.0 |
       Dungeon |   4923 |   4768 |    155 |    501 |   3322 |   6 |  820.5 |
        Temple |    227 |    201 |     26 |    113 |     54 |   1 |  227.0 |
         Sewer |    417 |    417 |      0 |     65 |    107 |   1 |  417.0 |
               +--------+--------+--------+--------+--------+-----+--------+

Top non-repeatable levels by time:
     D:4: 1724 daAuts
     D:1: 981 daAuts
     D:2: 914 daAuts
     D:3: 546 daAuts
     D:5: 468 daAuts
   Sewer: 417 daAuts
     D:6: 287 daAuts
  Temple: 227 daAuts
